 Dungeon Crawl Stone Soup version 0.30.0-20-g3615ddf2f0 (webtiles) character file.

Game seed: 1146676751504613668

136 qw the Chopper (level 5, -4/32 HPs)
             Began as a Gargoyle Fighter on May 27, 2023.
             Slain by an ice beast (6 damage)
             ... on level 6 of the Dungeon.
             The game lasted 00:01:01 (2096 turns).

qw the Chopper (Gargoyle Fighter)                   Turns: 2096, Time: 00:01:02

Health: -4/32      AC:  9    Str: 21    XL:     5   Next: 19%
Magic:  5/5        EV:  9    Int:  9    God:
Gold:   156        SH:  4    Dex:  9    Spells: 4/4 levels left

rFire   . . .        Y - +0 war axe
rCold   . . .        c - +0 buckler
rNeg    + . .        b - +0 scale mail
rPois   inf          f - +1 helmet
rElec   +            (no cloak)
rCorr   .            (no gloves)
SInv    .            (no boots)
Will    .....        (no amulet) Stlth
                     (no ring)
HPRegen 0.25/turn    (no ring)
MPRegen 0.09/turn

%: no passive effects
@: corroded
A: sickness immunity, AC +4, negative energy resistance 1, electricity
resistance, torment resistance 1, petrification resistance
a: no special abilities


You were on level 6 of the Dungeon.
You visited 1 branch of the dungeon, and saw 4 of its levels.

You collected 156 gold pieces.


Innate Abilities, Weirdness & Mutations

You are immune to sickness and miasma.
Your stone body is resilient. (AC +4)
You are immune to poison.
You resist negative energy. (rN+)
You are resistant to electric shocks. (rElec)
You are resistant to unholy torment.
You are immune to petrification.


   Skills:
 - Level 3.2 Fighting
 + Level 4.7 Axes
 - Level 3.2 Armour
 - Level 3.2 Shields


You had 4 spell levels left.
You didn't know any spells.
Your spell library was empty.

Inventory:

Hand Weapons
 h - a +0 whip
 Y - a +0 war axe (weapon)
Armour
 b - a +0 scale mail (worn)
 c - a +0 buckler (worn)
 f - a +1 helmet (worn)
 i - a +0 plate armour
Scrolls
 a - a scroll of brand weapon {unknown}
 e - a scroll of identify
Potions
 d - 2 potions of might
 g - 2 potions of heal wounds {unknown}
 j - 2 potions of lignification
 k - a potion of brilliance {unknown}
 l - a potion of magic {unknown}
 m - a potion of ambrosia {unknown}
 n - a potion of mutation {unknown}

Dungeon Overview and Level Annotations

Branches:
Dungeon (3/15)

Altars:
Makhleb
Nemelex Xobeh
Uskayaw

Shops:
D:1 (


Message History

You open the door.
There is an open door here.
There is an open door here.
Found a ring mail.
Enter note: A jelly and an ice beast come into view.
The jelly quivers.
Enter note:
Enter note: You closely miss the ice beast.
You hit the jelly.
Your hands burn!
The ice beast barely misses you. The jelly hits you but does no damage.
The ice beast hits you but does no damage.
The jelly hits you.
You are splashed with acid!
You hit the jelly. The acid corrodes you!
Your hands burn!
The jelly is heavily wounded.
You barely miss the ice beast.
The ice beast hits you but does no damage.
The jelly hits you but does no damage.
You slash the jelly!
You kill the jelly!
You hit the ice beast. You block the ice beast's attack.
You have reached level 5!
You barely miss the ice beast.
The ice beast is lightly wounded.
The ice beast barely misses you. x2
You completely miss the ice beast.
The ice beast is lightly wounded.
The ice beast hits you. The ice beast freezes you!
You closely miss the ice beast.
The ice beast is lightly wounded.
The ice beast misses you.
You hit the ice beast but do no damage.
The ice beast is lightly wounded.
The ice beast barely misses you.
You hit the ice beast.
The ice beast is lightly wounded.
The ice beast hits you but does no damage.
The ice beast hits you. The ice beast freezes you.
You die...

.... ...# ....# ###
....# ..#####+###
#####....## ..........#
#.......... ..........#
#.......... ..........#
#..@Y...... ..........#
#..........
..........####..........
'#######.........#+####+
...# #.........# ...#
#.........# ...#
#.........# ...#
#.....##### ...# #.....#


You could see an ice beast.

Vanquished Creatures
  A jelly (D:6)
  An orc wizard (D:3)
  4 adders
  2 worms
  3 dart slugs
  3 orcs
  3 endoplasms
  3 hobgoblins
  3 jackals (D:2)
  6 bats
  5 kobolds (D:1)
  3 rats
37 creatures vanquished.

Notes
Turn   | Place    | Note
-------+----------+-------------------------------------------
     0 | D:1      | qw the Gargoyle Fighter began the quest for the Orb.
     0 | D:1      | Reached XP level 1. HP: 14/14 MP: 1/1
     0 | D:1      | 0 ||| qw: Version: 0.2-a-99-gce666ed
     0 | D:1      | 0 ||| qw: Game counter: 145
     0 | D:1      | 0 ||| qw: Always use a shield: true
     0 | D:1      | 0 ||| qw: God list: Okawaru
     0 | D:1      | 0 ||| qw: Allow faded altars: false
     0 | D:1      | 0 ||| qw: Do Orc after D:15 true
     0 | D:1      | 0 ||| qw: Do second Lair branch before Depths: true
     0 | D:1      | 0 ||| qw: Lair rune preference: random
     0 | D:1      | 0 ||| qw: Plans: Normal, Zot:1-4, God:TSO, Crypt, Tomb,
                  | Pan, Slime:5, Hells, Abyss, Win
     0 | D:1      | 0 ||| PLANNING D:1-11
    19 | D:1      | 19 ||| Stepping ~*~*~tactically~*~*~ (hiding).
    21 | D:1      | 21 ||| Stepping ~*~*~tactically~*~*~ (hiding).
   110 | D:1      | 110 ||| Stepping ~*~*~tactically~*~*~ (hiding).
   115 | D:1      | Reached skill level 2 in Axes
   122 | D:1      | 122 ||| DROPPING +0 club.
   221 | D:1      | Found Holeulad's Antique Weapon Shoppe.
   302 | D:1      | Reached XP level 2. HP: 19/19 MP: 2/2
   337 | D:1      | 337 ||| FLEEEEING.
   338 | D:1      | 338 ||| FLEEEEING.
   339 | D:1      | 339 ||| FLEEEEING.
   340 | D:1      | 340 ||| FLEEEEING.
   341 | D:1      | 341 ||| FLEEEEING.
   346 | D:1      | 346 ||| FLEEEEING.
   347 | D:1      | 347 ||| FLEEEEING.
   513 | D:1      | 513 ||| UPGRADING to +1 helmet.
   518 | D:1      | 518 ||| READING scroll labelled JIURAL DODOUL.
   519 | D:1      | 519 ||| READING scroll labelled JAXUMIMIYW.
   520 | D:1      | 520 ||| READING scroll labelled MOSOEXKITT.
   597 | D:2      | Reached skill level 3 in Axes
   614 | D:2      | Reached XP level 3. HP: 23/23 MP: 3/3
   657 | D:2      | 657 ||| Stepping ~*~*~tactically~*~*~ (hiding).
   838 | D:2      | 838 ||| READING scroll labelled JANOUC HISHOPEHA.
  1299 | D:2      | Found a burning altar of Makhleb.
  1471 | D:2      | 1471 ||| READING scroll labelled WEDECZAIZI.
  1472 | D:2      | 1472 ||| DRINKING 3 sedimented clear potions.
  1762 | D:3      | 1762 ||| FLEEEEING.
  1763 | D:3      | 1763 ||| FLEEEEING.
  1764 | D:3      | 1764 ||| FLEEEEING.
  1765 | D:3      | 1765 ||| FLEEEEING.
  1766 | D:3      | 1766 ||| FLEEEEING.
  1767 | D:3      | 1767 ||| FLEEEEING.
  1768 | D:3      | 1768 ||| FLEEEEING.
  1769 | D:3      | 1769 ||| FLEEEEING.
  1770 | D:3      | 1770 ||| FLEEEEING.
  1771 | D:3      | 1771 ||| FLEEEEING.
  1772 | D:3      | 1772 ||| FLEEEEING.
  1774 | D:3      | 1774 ||| FLEEEEING.
  1787 | D:3      | Reached skill level 4 in Axes
  1787 | D:3      | Reached XP level 4. HP: 15/28 MP: 4/4
  1957 | D:3      | Found a sparkling altar of Nemelex Xobeh.
  1962 | D:3      | You fall into a shaft and drop 3 floors!
  1984 | D:6      | Noticed a +0 short sword
  1985 | D:6      | Noticed a +0 dagger
  1986 | D:6      | Noticed a +0 spear
  1986 | D:6      | Noticed a +0 falchion
  1986 | D:6      | Noticed a +0 dagger
  1987 | D:6      | Noticed a +0 short sword
  1988 | D:6      | Noticed a +0 falchion
  2000 | D:6      | Noticed a +0 spear
  2013 | D:6      | Found a hide-covered altar of Uskayaw.
  2083 | D:6      | Noticed an ice beast
  2092 | D:6      | Reached XP level 5. HP: 14/32 MP: 5/5
  2093 | D:6      | HP: 4/32 [ice beast (9)]
  2096 | D:6      | Slain by an ice beast

Levels and vault maps discovered:
D:1:      dpeg_arrival_tiny_b, layout_basic, serial_shops, shop,
          hangedman_decor_diamond_cutter, wad_floor_pattern_untrapped
D:2:      layout_basic, basic_altar, minmay_surrounded
D:3:      layout_basic, mainiacjoe_overflow_boulevard,
          mainiacjoe_overflow_tiny_flanked, mainiacjoe_overflow_alcove_1,
          shapermc_ecumenical_altar_venn, minmay_misc_feat_enclosed
D:6:      layout_gridville, grunt_dithmenos_smoke, nicolae_uskayaw_en_pointe,
          ebering_ghost_disaster_area

Skill      XL: |  1  2  3 |
---------------+----------+-----
Axes           | 2 3 4 |  4.7
Fighting       | |  3.2
Armour         | |  3.2
Shields        | |  3.2

Action                     |  1- 3 |  4- 6 || total
---------------------------+-------+-------++-------
  Melee: War axe           |   114 |    32 ||   146
    Use: Scroll            |     5 |       ||     5
         Potion            |     1 |       ||     1
 Armour: Scale mail        |    78 |    17 ||    95
  Dodge: Dodged            |    41 |    15 ||    56
  Block: Buckler           |    18 |     6 ||    24

Table legend:
 A = Non-vault XP
 B = Vault XP
 C = Vault XP percentage of total XP
 D = Non-vault monster count
 E = Vault monster count
 F = Vault count percentage of total count
                 A         B        C        D         E       F
            +---------+---------+-------+---------+---------+-------
      Total |     186 |       9 |   4.6 |      34 |       3 |   8.1
            +---------+---------+-------+---------+---------+-------
        D:1 |      18 |       0 |   0.0 |      12 |       0 |   0.0
        D:2 |      42 |       9 |  17.6 |       9 |       3 |  25.0
        D:3 |      60 |       0 |   0.0 |      10 |       0 |   0.0
        D:6 |      66 |       0 |   0.0 |       3 |       0 |   0.0
            +---------+---------+-------+---------+---------+-------
